 Dungeon Crawl Stone Soup version 0.22-a0-51-g1bb26a1 (webtiles) character file.

753 galech the Ruffian (level 7, -6/67 HPs)
             Began as a Troll Monk on Jan 9, 2018.
             Mangled by anet's ghost (15 damage)
             ... on level 4 of the Dungeon.
             The game lasted 00:04:20 (2615 turns).

galech the Ruffian (Troll Monk)                     Turns: 2615, Time: 00:04:21

Health: -6/67      AC:  6    Str: 22    XL:     7   Next: 49%
Magic:  6/6        EV: 11    Int:  6    God:
Gold:   238        SH:  0    Dex: 12    Spells: 6/6 levels left

rFire    . . .     SeeInvis .     - Unarmed
rCold    . . .     Gourm    +   (no shield)
rNeg     . . .     Faith    .   a - +0 robe
rPois    .         Spirit   .   j - +1 hat
rElec    .         Reflect  .   (no cloak)
rCorr    +         Harm     .   (gloves unavailable)
MR       .....                  (boots unavailable)
Stlth    ++........             (no amulet)
HPRegen  0.61/turn              f - ring of resist corrosion
MPRegen  0.10/turn              (no ring)

@: no status effects
A: large, unfitting armour, claws 3, fast metabolism 3, gourmand, regeneration
1, shaggy fur 1, tough skin 2
a: no special abilities


You were on level 4 of the Dungeon.
You were very full.

You visited 1 branch of the dungeon, and saw 4 of its levels.

You collected 238 gold pieces.

Inventory:

Armour
 a - a +0 robe (worn)
 j - a +1 hat (worn)
Jewellery
 f - a ring of resist corrosion (left claw)
Wands
 l - a wand of flame (21)
Scrolls
 d - 3 scrolls of teleportation {unknown}
 e - 6 scrolls of identify {unknown}
 g - a scroll of fear {unknown}
 k - a scroll of magic mapping {unknown}
 n - 2 scrolls of remove curse {unknown}
 o - a scroll of fog {unknown}
Potions
 h - a potion of might {unknown}
 i - 3 potions of cancellation {unknown}
 m - a potion of curing {unknown}
 p - a potion of lignification {unknown}
 q - a potion of agility {unknown}
Comestibles
 b - 12 rations
 c - 2 chunks of flesh


   Skills:
 + Level 3.2 Fighting
 + Level 4.3 Dodging
 + Level 2.0 Stealth
 + Level 6.6 Unarmed Combat


You had 6 spell levels left.
You didn't know any spells.

Dungeon Overview and Level Annotations

Branches:
Dungeon (4/15)
 Temple: D:4-7

Altars:
Kikubaaqudgha
Vehumet

Shops:
D:4 *

Annotations:
D:4 anet's ghost, novice MfFi


Innate Abilities, Weirdness & Mutations

You are too large for most types of armour.
You have claws for hands.
Your metabolism is lightning-fast.
You like to eat raw meat.
Your natural rate of healing is unusually fast.
You are covered in fur. (AC +1)
You have very tough skin. (AC +2)


Message History

Anet's ghost is lightly damaged.
Anet's ghost hits you but does no damage.
You claw anet's ghost!
Anet's ghost is moderately damaged.
Anet's ghost hits you. Anet's ghost freezes you.
You closely miss anet's ghost.
Anet's ghost is moderately damaged.
You scratch anet's ghost.
Anet's ghost is moderately damaged.
Anet's ghost hits you but does no damage.
You scratch anet's ghost.
Anet's ghost is heavily damaged.
Anet's ghost hits you!!
* * * LOW HITPOINT WARNING * * *
Anet's ghost freezes you!
* * * LOW HITPOINT WARNING * * *
A leopard gecko comes into view.
Anet's ghost makes a sound of rattling chains.
Anet's ghost hits you!
You die...

#.# #.# #.# #.# #.#
#################.#######
....................>....
#################.#######
#....lW@.# #.######## #


You could see anet's ghost and a leopard gecko.

Vanquished Creatures
  Sigmund (D:2)
  Menkaure (D:4)
  A phantom (D:4)
  2 hounds (D:4)
  2 orc wizards
  Natasha (thrice) (D:2)
  A worker ant (D:4)
  A hound skeleton (D:4)
  5 adders
  2 oozes
  2 worms (D:3)
  2 adder skeletons (D:4)
  2 dart slugs
  A leopard gecko (D:4)
  9 orcs
  7 bats
  10 goblins
  12 hobgoblins
  11 jackals
  8 kobolds
  2 quokkas
  3 ball pythons
  4 frilled lizards
  4 rats
96 creatures vanquished.

Notes
Turn   | Place    | Note
-------+----------+-------------------------------------------
     0 | D:1      | galech the Troll Monk began the quest for the Orb.
     0 | D:1      | Reached XP level 1. HP: 22/22 MP: 0/0
   156 | D:1      | Reached XP level 2. HP: 22/29 MP: 1/1
   533 | D:1      | Reached XP level 3. HP: 34/36 MP: 2/2
   727 | D:2      | Noticed Natasha
   734 | D:2      | Killed Natasha
   831 | D:2      | Reached XP level 4. HP: 44/44 MP: 3/3
   850 | D:2      | Noticed Sigmund
   856 | D:2      | Killed Sigmund
   856 | D:2      | Reached skill level 4 in Unarmed Combat
   856 | D:2      | Reached XP level 5. HP: 53/53 MP: 4/4
  1074 | D:2      | Noticed Natasha
  1079 | D:2      | Killed Natasha
  1115 | D:2      | Reached skill level 5 in Unarmed Combat
  1145 | D:2      | Noticed Natasha
  1149 | D:2      | Killed Natasha
  1149 | D:2      | Reached XP level 6. HP: 56/61 MP: 5/5
  1934 | D:3      | Found an ancient bone altar of Kikubaaqudgha.
  1948 | D:3      | Found a radiant altar of Vehumet.
  2200 | D:4      | Found Gofusat's Assorted Antiques.
  2215 | D:4      | Noticed Menkaure
  2231 | D:4      | Killed Menkaure
  2231 | D:4      | Reached skill level 6 in Unarmed Combat
  2231 | D:4      | Reached XP level 7. HP: 49/67 MP: 6/6
  2603 | D:4      | Noticed anet's ghost (novice MfFi)
  2615 | D:4      | Mangled by anet's ghost

Vault maps used:
D:1:      roderic_dead_forest
D:2:      uniq_natasha, uniq_sigmund
D:3:      amethyst_overflow_temple_binary, first_ration
D:4:      serial_shops, shop, uniq_menkaure

Skill      XL: |  1  2  3  4  5  6 |
---------------+-------------------+-----
Dodging        | 3 4 |  4.3
Fighting       | 3 |  3.2
Unarmed Combat | 4 5 6 |  6.6
Stealth        | 2 |  2.0

Action                   |  1- 3 |  4- 6 |  7- 9 || total
-------------------------+-------+-------+-------++-------
Melee: Unarmed           |    73 |   145 |    34 ||   252
       Punch             |     2 |     4 |     2 ||     8
 Stab: Sleeping          |     3 |     3 |       ||     6
  Eat: Chunk             |    13 |    13 |     3 ||    29
Armor: Robe              |    35 |    45 |     7 ||    87
Dodge: Dodged            |    57 |    69 |    12 ||   138

Table legend:
 A = Spawn XP
 B = Non-spawn XP
 C = Spawn XP percentage of total XP
 D = Spawn monster count
 E = Non-spawn monster count
 F = Spawn count percentage of total count
 G = Total turns spent on level
                    A         B        C        D         E        F      G
               +---------+---------+-------+---------+---------+-------+---------
         Total |       0 |    1077 |   0.0 |       0 |      96 |   0.0 |  2615
               +---------+---------+-------+---------+---------+-------+---------
           D:1 |       0 |      45 |   0.0 |       0 |      23 |   0.0 |   604
           D:2 |       0 |     358 |   0.0 |       0 |      23 |   0.0 |   730
           D:3 |       0 |     170 |   0.0 |       0 |      37 |   0.0 |   737
           D:4 |       0 |     504 |   0.0 |       0 |      13 |   0.0 |   544
               +---------+---------+-------+---------+---------+-------+---------
